 Dungeon Crawl Stone Soup version 0.30-a0-347-gf58ed5266c (webtiles) character file.

Game seed: 2405502880347077938

144709 HoaS the Markskobold (level 18, -8/129 HPs)
             Began as a Kobold Hunter on Nov 6, 2022.
             Was the Champion of Okawaru.
             Mangled by a jumping spider (13 damage)
             ... on level 4 of the Spider Nest.
             The game lasted 00:52:34 (25686 turns).

HoaS the Markskobold (Kobold Hunter)               Turns: 25686, Time: 00:52:35

Health: -8/129     AC: 13    Str:  8 (9)  XL:     18   Next: 2%
Magic:  1/34       EV: 50    Int: 10 (15) God:    Okawaru [******]
Gold:   2373       SH:  0    Dex: 44 (46) Spells: 17/17 levels left

rFire   . . .      SeeInvis .    M - +2 arbalest (elec)
rCold   . . .      Faith    .    (shield currently unavailable)
rNeg    . . .      Spirit   .    F - +2 troll leather armour
rPois   +          Reflect  .    d - +2 helmet
rElec   .          Harm     .    v - +0 cloak of Sophism {rPois MP+9 Dex+4 Stlth-}
rCorr   .          Rampage  .    a - +0 pair of gloves of Surprise {Drain Int+4 Dex+5}
Will    +....                    I - +1 pair of boots {Stlth+}
Stlth   ++++......               g - amulet of regeneration
HPRegen 2.01/turn                A - +6 ring of dexterity
MPRegen 0.24/turn                z - +6 ring of dexterity

@: no status effects
A: small, no large weapons, nightstalker 3
a: Renounce Religion, Heroism, Finesse, Duel


You were on level 4 of the Spider Nest.
You worshipped Okawaru.
Okawaru was exalted by your worship.
You visited 5 branches of the dungeon, and saw 27 of its levels.
You also visited: Ice Cave.

You collected 2373 gold pieces.

Inventory:

Hand Weapons
 M - a +2 arbalest of electrocution (weapon)
Armour
 a - the +0 pair of gloves of Surprise (worn) {Drain Int+4 Dex+5}
   (Okawaru gifted it to you on level 2 of the Lair of Beasts)

   Int:       It affects your intelligence (+4).
   Dex:       It affects your dexterity (+5).
   Drain:     It drains your maximum health when unequipped.
 c - a +0 pair of boots of flying
 d - a +2 helmet (worn)
 v - the +0 cloak of Sophism (worn) {rPois MP+9 Dex+4 Stlth-}
   (Okawaru gifted it to you on level 3 of the Spider Nest)

   Dex:       It affects your dexterity (+4).
   rPois:     It protects you from poison.
   MP:        It affects your magic capacity (+9).
   Stlth:     It makes you less stealthy.
 F - a +2 troll leather armour (worn)
 I - a +1 pair of boots of stealth (worn)
Jewellery
 g - an amulet of regeneration (around neck)
 r - a ring of positive energy
 u - a ring of protection from fire
 w - a ring of willpower
 z - a +6 ring of dexterity (right hand)
 A - a +6 ring of dexterity (left hand)
 H - a ring of positive energy
 L - a ring of protection from fire
Wands
 m - a wand of quicksilver (10)
 t - a wand of flame (37)
 y - a wand of polymorph (8)
 D - a wand of mindburst (24)
 E - a wand of paralysis (6)
 G - a wand of roots (13)
Scrolls
 b - 3 scrolls of immolation
 e - 2 scrolls of butterflies
 j - 8 scrolls of teleportation
 l - 4 scrolls of magic mapping
 n - 4 scrolls of blinking
 x - 7 scrolls of fear
 J - 4 scrolls of identify
 K - a scroll of brand weapon
Potions
 f - 6 potions of ambrosia
 h - 2 potions of cancellation
 i - 2 potions of attraction
 k - 5 potions of mutation
 p - 15 potions of curing
 q - 3 potions of lignification
 s - a potion of resistance
 B - 2 potions of invisibility
 C - a potion of berserk rage


   Skills:
 + Level 20.0 Fighting
 + Level 20.8 Ranged Weapons
 + Level 20.4 Dodging
 - Level 1.3 Stealth
 - Level 9.5 Invocations


You had 17 spell levels left.
You didn't know any spells.
Your spell library contained the following spells:

 Spells                   Type           Power      Damage    Failure   Level
 Magic Dart               Conj           0%         1d3       50%         1
 Necrotise                Necr           0%         1d4       50%         1
 Blink                    Tloc           0%         N/A       63%         2
 Cigotuvi's Dreadful Rot  Necr/Pois/Air  0%         N/A       63%         2
 Momentum Strike          Conj/Tloc      0%         3d8       63%         2
 Poisonous Vapours        Pois/Air       0%         N/A       63%         2
 Gell's Gravitas          Tloc           0%         N/A       86%         3
 Ignite Poison            Fire/Tmut/Pois 0%         N/A       86%         3
 Kindle Blastsparks       Fire/Tloc/Air  0%         2d10      86%         3
 Lesser Beckoning         Tloc           0%         N/A       86%         3
 Mephitic Cloud           Conj/Pois/Air  0%         N/A       86%         3
 Portal Projectile        Hex/Tloc       0%         N/A       86%         3
 Teleport Other           Tloc           0%         N/A       86%         3
 Vampiric Draining        Necr           0%         2d6       86%         3
 Leda's Liquefaction      Hex/Erth       0%         N/A       99%         4
 Petrify                  Tmut/Erth      0%         N/A       99%         4
 Agony                    Necr           0%         N/A       100%        5
 Blade Hands              Tmut           0%         N/A       100%        5
 Fireball                 Conj/Fire      0%         3d3       100%        5
 Freezing Cloud           Conj/Ice/Air   0%         6-21      100%        5
 Iskenderun's Battlesphe  Conj           0%         2d6       100%        5
 Metabolic Englaciation   Hex/Ice        0%         N/A       100%        5
 Conjure Ball Lightning   Conj/Air       0%         3x3d6     100%        6
 Iron Shot                Conj/Erth      0%         9d1       100%        6
 Statue Form              Tmut/Erth      0%         N/A       100%        6
 Orb of Destruction       Conj           0%         9d5       100%        7
 Discord                  Hex            0%         N/A       100%        8
 Disjunction              Tloc           0%         N/A       100%        8
 Call Imp                 Summ           Unusable   N/A       N/A         2
 Call Canine Familiar     Summ           Unusable   N/A       N/A         3
 Animate Armour           Summ/Erth      Unusable   N/A       N/A         4

Dungeon Overview and Level Annotations

Branches:
Dungeon (15/15)            Temple (1/1) D:7            Lair (5/5) D:9
 Shoals (0/4) Lair:3       Spider (4/4) Lair:3        Slime (0/5) Lair:4
    Orc (2/2) D:11            Elf (0/3) Orc:2        Vaults (0/5) D:14
 Depths (0/4) D:15          IceCv (visited)

Altars:
Ashenzari
Cheibriados
Dithmenos
Elyvilon
Fedhas
Gozag
Hepliaklqana
Kikubaaqudgha
Makhleb
Nemelex Xobeh
Okawaru
Qazlal
Ru
Sif Muna
Trog
Uskayaw
Vehumet
Wu Jian
Xom
Yredelemnul
Zin
The Shining One
Jiyva

Shops:
D:14 [   Orc:2 *![(


Innate Abilities, Weirdness & Mutations

You are small and have problems with some larger weapons.
You are completely attuned to the shadows.


Message History

You shoot a bolt. Something barely misses you.
Something completely misses you. x2
Something hits you!
* * * LOW HITPOINT WARNING * * *
Something completely misses you. x2
You shoot a bolt.
You feel you are being watched by something.
You feel your power leaking away. Something hits you!
* * * LOW HITPOINT WARNING * * *
Something completely misses you. x2
You feel you are being watched by something.
Something completely misses you. x2; Something barely misses you.
Something misses you. Something hits you!
* * * LOW HITPOINT WARNING * * *
You feel weakened. Something barely misses you.
You shoot a bolt.
You feel you are being watched by something.
Something completely misses you. Something misses you.
Something barely misses you.
A jumping spider comes into view.
Something hits you!
* * * LOW HITPOINT WARNING * * *
You feel clumsy. Something completely misses you. Something barely misses you.
You shoot a bolt. The bolt hits the jumping spider.
The jumping spider is lightly wounded.
Something completely misses you. x3; Something closely misses you.
Something completely misses you. x2; The jumping spider leaps!
You feel you are being watched by something.
Something completely misses you. x3
You shoot a bolt.
You feel you are being watched by something.
Something misses you. Something completely misses you. x2
Something barely misses you. Something completely misses you.
Something closely misses you. Something hits you.
* * * LOW HITPOINT WARNING * * *
Something completely misses you. x2
You shoot a bolt. The jumping spider pounces on you!
You die...

~###
†~~~
..~~##
~.†~.#
#..{s##
###.@~#
#..^†~#
##~....
~~~..~
~~#~..


You could see a jumping spider.

Vanquished Creatures
  Saint Roka (Orc:2)
  Frances (D:12)
  Gastronok (Lair:3)
  Agnes (D:15)
  An emperor scorpion (Spider:2)
  3 ghost moths
  A broodmother (Spider:3)
  2 very ugly things (D:15)
  Nessos (D:12)
  A spark wasp (Spider:1)
  A fire dragon (Lair:5)
  Josephine (D:13)
  4 entropy weavers
  A great orb of eyes (D:15)
  5 hydras
  A rakshasa (D:15)
  A jorogumo (Spider:3)
  2 catoblepae
  4 boulder beetles
  5 two-headed ogres
  4 centaur warriors
  An alligator (Lair:5)
  2 tengu warriors
  A death knight (D:15)
  11 death yaks
  2 orc high priests (Orc:2)
  Urug (Lair:5)
  5 pharaoh ants
  Nergalle (D:12)
  A skeletal warrior (D:15)
  2 steelbarb worms (Spider:1)
  A sun moth (Spider:3)
  11 orb spiders
  A fire crab (Lair:5)
  4 orc knights
  A wizard (D:15)
  5 deep elf pyromancers
  A lindwurm (Lair:3)
  13 wolf spiders
  2 oklob plants (Lair:4)
  3 orc sorcerers (Orc:2)
  2 ugly things (D:15)
  A glowing shapeshifter (D:15)
  A manticore (D:11)
  3 moths of wrath (Spider:3)
  21 elephants
  Joseph (D:7)
  12 black mambas
  Maurice (D:8)
  2 molten gargoyles (Lair:5)
  The ghost of kagamino the Cudgeller, a novice MiGl (D:5)
  A gargoyle (D:14)
  4 torpor snails
  12 cane toads
  2 rime drakes (Lair:3)
  19 komodo dragons
  7 demonic crawlers
  An efreet (D:15)
  An unseen horror (D:11)
  3 kobold demonologists
  4 freezing wraiths
  An ice devil (IceCv)
  A troll (shapeshifter) (D:14)
  A meliai (shapeshifter) (D:14)
  3 meliai (Spider:1)
  4 polar bears
  4 trolls
  A queen bee (D:11)
  A hornet (D:8)
  13 tarantellas
  Grinder (D:5)
  10 dream sheep
  A blink frog (shapeshifter) (D:15)
  17 blink frogs
  11 slime creatures
  A snapping turtle (Lair:3)
  22 jumping spiders
  6 wraiths
  20 culicivoras
  A vampire (D:12)
  Eustachio (D:5)
  61 yaks
  A basilisk (shapeshifter) (D:14)
  11 wyverns
  A dire elephant simulacrum (IceCv)
  5 basilisks
  Grum (D:8)
  29 redbacks
  2 steam dragons (Lair:5)
  6 vampire mosquitoes
  A death yak simulacrum (IceCv)
  An acid dragon (D:12)
  2 wargs (Orc:2)
  Duvessa (D:7)
  19 water moccasins
  4 hell hounds (Lair:5)
  34 orc warriors
  A sky beast (D:7)
  The ghost of Lanoc the Grasshopper, an amateur DrWr of Ashenzari (D:4)
  2 black bears
  12 ogres
  8 wolves
  9 centaurs
  2 phantoms (D:7)
  The ghost of MarcoDev the Caller, an amateur DESu (D:3)
  2 necrophages
  7 bullfrogs
  3 kobold brigands
  2 scorpions (D:6)
  5 wights
  A wyvern skeleton (D:3)
  Dowan (D:7)
  36 killer bees
  2 howler monkeys
  An electric eel (Lair:3)
  5 lava snakes (Lair:5)
  19 orc priests
  A bullfrog skeleton (D:3)
  3 jellies
  An iguana (D:6)
  41 orc wizards
  5 hell rats (Lair:2)
  A polar bear simulacrum (IceCv)
  2 wolf simulacra (IceCv)
  A river rat (D:5)
  8 adders
  A hound simulacrum (D:4)
  A shadow imp (D:7)
  3 white imps
  3 worms
  3 dart slugs
  108 orcs
  19 ball pythons
  11 endoplasms
  8 giant cockroaches
  6 hobgoblins
  5 jackals
  6 quokkas
  7 bats
  6 frilled lizards
  9 goblins
  22 kobolds
  A quokka simulacrum (D:4)
  7 rats
  A spectral kobold (D:1)
919 creatures vanquished.

Vanquished Creatures (others)
  2 orcs (Orc:2)
  A bush (Lair:5)
  22 fungi
  24 plants
  5 toadstools (Lair:3)
54 creatures vanquished.

Grand Total: 973 creatures vanquished

Notes
Turn   | Place    | Note
-------+----------+-------------------------------------------
     0 | D:1      | HoaS the Kobold Hunter began the quest for the Orb.
     0 | D:1      | Reached XP level 1. HP: 12/12 MP: 1/1
   169 | D:1      | Found a faded altar of an unknown god.
   176 | D:1      | Reached XP level 2. HP: 15/17 MP: 2/2
   520 | D:1      | Reached XP level 3. HP: 21/21 MP: 3/3
   952 | D:2      | Reached XP level 4. HP: 16/26 MP: 4/4
  1932 | D:3      | Found a white marble altar of Elyvilon.
  1965 | D:3      | Found a blossoming altar of Fedhas.
  2000 | D:3      | Found a runed translucent gate.
  2000 | D:3      | Found a runed translucent gate.
  2001 | D:3      | Found a runed translucent gate.
  2045 | D:3      | Reached XP level 5. HP: 30/30 MP: 5/5
  2656 | D:3      | Noticed MarcoDev's ghost (amateur DESu)
  2752 | D:4      | Reached XP level 6. HP: 35/35 MP: 6/6
  3252 | D:4      | Found a runed translucent gate.
  3253 | D:4      | Found a runed translucent gate.
  3558 | D:4      | Found a runed translucent gate.
  3605 | D:4      | Noticed an ogre
  3638 | D:5      | Entered Level 5 of the Dungeon
  3850 | D:5      | Noticed Grinder
  3866 | D:5      | Noticed an ogre
  3949 | D:5      | Noticed Eustachio
  4086 | D:5      | Found a runed translucent door.
  4103 | D:5      | Found a runed translucent door.
  4184 | D:5      | Reached skill level 10 in Ranged Weapons
  4184 | D:5      | Reached XP level 7. HP: 29/40 MP: 7/7
  4813 | D:6      | Noticed a water moccasin
  4817 | D:6      | Killed a water moccasin
  4912 | D:6      | Reached XP level 8. HP: 43/44 MP: 8/8
  4928 | D:6      | Identified the +4 shortbow "Leviticus" {antimagic, rF++
                  | Will-}
  5638 | D:3      | Killed MarcoDev's ghost
  6100 | D:4      | Noticed Lanoc's ghost (amateur DrWr)
  6206 | D:4      | Killed Lanoc's ghost
  6272 | D:5      | Noticed kagamino's ghost (novice MiGl)
  6292 | D:5      | Killed Eustachio
  6293 | D:5      | Reached XP level 9. HP: 44/48 MP: 9/9
  6677 | D:5      | Killed Grinder
  6678 | D:5      | Reached skill level 15 in Ranged Weapons
  6807 | D:7      | Found a staircase to the Ecumenical Temple.
  6815 | Temple   | Entered the Ecumenical Temple
  6973 | Temple   | Became a worshipper of Warmaster Okawaru
  7083 | D:7      | Reached skill level 1 in Invocations
  7091 | D:7      | Noticed Duvessa
  7106 | D:7      | Noticed Dowan
  7138 | D:7      | Killed Duvessa
  7152 | D:7      | Killed Dowan
  7344 | D:7      | Reached * piety under Okawaru
  7417 | D:7      | Noticed Joseph
  7428 | D:7      | Killed Joseph
  7429 | D:7      | Reached XP level 10. HP: 41/56 MP: 9/12
  7511 | D:7      | Found an ornate altar of the Wu Jian Council.
  7572 | D:7      | Found a shimmering altar of Xom.
  7837 | D:8      | Noticed Maurice
  7855 | D:8      | Noticed a two-headed ogre
  7912 | D:8      | Reached skill level 5 in Dodging
  7946 | D:8      | Killed a two-headed ogre
  7946 | D:8      | Reached ** piety under Okawaru
  7947 | D:8      | Reached skill level 5 in Fighting
  8125 | D:8      | Noticed Grum
  8129 | D:8      | Killed Grum
  8158 | D:8      | Reached skill level 5 in Invocations
  8267 | D:8      | Reached *** piety under Okawaru
  8293 | D:8      | Killed Maurice
  8904 | D:9      | Reached XP level 11. HP: 56/67 MP: 15/15
  8918 | D:9      | Reached **** piety under Okawaru
  8947 | D:9      | Found a staircase to the Lair.
  9335 | D:9      | Found a snail-covered altar of Cheibriados.
  9653 | D:9      | Found a bloodstained altar of Trog.
  9693 | D:10     | Entered Level 10 of the Dungeon
  9818 | D:10     | Reached ***** piety under Okawaru
 10624 | Lair:1   | Entered Level 1 of the Lair of Beasts
 10989 | Lair:1   | You fall into a shaft and drop 1 floor!
 11065 | Lair:1   | Reached XP level 12. HP: 57/75 MP: 16/16
 11348 | Lair:1   | Reached skill level 10 in Dodging
 11352 | Lair:1   | Received a gift from Okawaru
 11631 | Lair:1   | Identified the +0 leather armour of the Shining One's Envy
                  | {*Corrode rPois Str-3 Dex+7}
 12019 | Lair:2   | Reached skill level 10 in Fighting
 12196 | Lair:2   | Noticed a death yak
 12197 | Lair:2   | Noticed a death yak
 12197 | Lair:2   | Noticed a death yak
 12198 | Lair:2   | Noticed a death yak
 12199 | Lair:2   | Noticed a death yak
 12199 | Lair:2   | Noticed a death yak
 12200 | Lair:2   | Killed a death yak
 12216 | Lair:2   | Killed a death yak
 12220 | Lair:2   | Killed a death yak
 12220 | Lair:2   | Received a gift from Okawaru
 12221 | Lair:2   | Reached XP level 13. HP: 84/84 MP: 11/19
 12227 | Lair:2   | Reached ****** piety under Okawaru
 12237 | Lair:2   | Identified the +0 pair of gloves of Surprise {Drain Int+4
                  | Dex+5} (Okawaru gifted it to you on level 2 of the Lair of
                  | Beasts)
 12237 | Lair:2   | Received a gift from Okawaru
 13008 | Lair:3   | Noticed Gastronok
 13016 | Lair:3   | Killed Gastronok
 13334 | Lair:3   | Found a staircase to the Shoals.
 13391 | Lair:3   | Found a hole to the Spider Nest.
 13569 | Lair:3   | Noticed a catoblepas
 13590 | Lair:3   | Found a runed translucent door.
 14008 | Lair:4   | Received a gift from Okawaru
 14035 | Lair:4   | Identified the +6 plate armour of Fallacy {Str+4}
 14063 | Lair:4   | Reached XP level 14. HP: 92/92 MP: 21/21
 14231 | Lair:4   | Found a glowing golden altar of the Shining One.
 14290 | Lair:4   | Reached skill level 15 in Dodging
 14292 | Lair:4   | Received a gift from Okawaru
 14444 | Lair:4   | Found a viscous altar of Jiyva.
 14449 | Lair:4   | Found a staircase to the Slime Pits.
 14729 | Lair:5   | Entered Level 5 of the Lair of Beasts
 14849 | Lair:5   | Identified the +2 helmet of Acudusurgh {Harm rPois rCorr}
 14914 | Lair:5   | Identified the +2 cloak of the Slorg {Int+5}
 15173 | Lair:5   | Reached skill level 15 in Fighting
 15232 | Lair:5   | Found a large runed translucent door.
 15232 | Lair:5   | Found a large runed translucent door.
 15335 | Lair:5   | Received a gift from Okawaru
 15336 | Lair:5   | Reached XP level 15. HP: 103/103 MP: 22/22
 15727 | Lair:5   | Noticed Urug
 15730 | Lair:5   | Killed Urug
 16390 | D:5      | Killed kagamino's ghost
 17520 | D:11     | You fall into a shaft and drop 3 floors!
 17534 | D:14     | Received a gift from Okawaru
 17694 | D:14     | Found Qiynkuw's Antique Armour Boutique.
 18187 | D:14     | Found a gate to the Vaults.
 18327 | D:13     | Noticed Josephine
 18330 | D:13     | Killed Josephine
 18672 | D:11     | Found a staircase to the Orcish Mines.
 19684 | D:12     | Noticed Frances
 19693 | D:12     | Killed Frances
 19865 | D:12     | Noticed Nergalle
 19869 | D:12     | Killed Nergalle
 19927 | D:12     | Reached XP level 16. HP: 113/113 MP: 23/23
 20132 | D:12     | Noticed Nessos
 20137 | D:12     | Killed Nessos
 20137 | D:12     | Received a gift from Okawaru
 20666 | D:15     | Entered Level 15 of the Dungeon
 20695 | D:15     | Identified the +1 helmet of Fortification {rF+}
 20950 | D:15     | Found a staircase to the Depths.
 21068 | D:15     | Received a gift from Okawaru
 21171 | D:15     | Noticed Agnes
 21175 | D:15     | Killed Agnes
 21731 | Orc:1    | Entered Level 1 of the Orcish Mines
 21944 | Orc:2    | Entered Level 2 of the Orcish Mines
 22088 | Orc:2    | Found a frozen archway.
 22094 | IceCv    | Entered an ice cave
 22351 | Orc:2    | Found a staircase to the Elven Halls.
 22410 | Orc:2    | Found Micioq's General Store.
 22530 | Orc:2    | Received a gift from Okawaru
 22551 | Orc:2    | Noticed Saint Roka
 22571 | Orc:2    | Killed Saint Roka
 22574 | Orc:2    | Found Keyqie Sire's Antique Weapon Shop.
 22575 | Orc:2    | Found Mor Xoxe's Antique Armour Boutique.
 22910 | Orc:2    | Found Bahit's Distillery.
 23390 | Spider:1 | Entered Level 1 of the Spider Nest
 23467 | Spider:1 | Reached XP level 17. HP: 120/120 MP: 24/24
 24097 | Spider:2 | Identified the +1 quarterstaff of Fate {vamp, Int+3 Dex+4}
                  | (Okawaru gifted it to you on level 2 of the Spider Nest)
 24097 | Spider:2 | Received a gift from Okawaru
 24699 | Spider:3 | Paralysed by a jorogumo for 1 turns
 24725 | Spider:3 | Identified the +0 cloak of Sophism {rPois MP+9 Dex+4
                  | Stlth-} (Okawaru gifted it to you on level 3 of the Spider
                  | Nest)
 24725 | Spider:3 | Received a gift from Okawaru
 25402 | Spider:3 | Identified the +2 hat "Xeizeur" {Harm rPois rC++ Will-}
 25582 | Spider:4 | Entered Level 4 of the Spider Nest
 25675 | Spider:4 | Reached XP level 18. HP: 109/129 MP: 0/25
 25683 | Spider:4 | HP: 5/129 [something (16)]
 25686 | Spider:4 | Mangled by a jumping spider

Illustrated notes

Levels and vault maps discovered:
D:1:      lemuel_arrival_hallway, layout_loops_ring,
          dreamdust_ecumenical_altar_drowned_temple, kennysheep_small_spiral,
          minmay_misc_feat_room
D:2:      minmay_alternating_diamond, layout_loops_ring, corner_web_ring
D:3:      kennysheep_six_static_rooms, layout_basic,
          nicolae_overflow_hidden_temple, mainiacjoe_overflow_six_doors_small,
          gammafunk_ghost_necromancy
D:4:      minmay_skewed_foursquare, layout_basic, gammafunk_ghost_icy,
          st_stairs_4, hangedman_decor_clover_reticule, minmay_circle_x
D:5:      layout_cave_pods, ebering_ghost_sewer_f, uniq_eustachio, uniq_grinder
D:6:      layout_basic, kennysheep_generic_room_10
D:7:      layout_loops_ring, nicolae_wu_jian_immortal_techniques,
          kennysheep_mini, minmay_temple_entry_gardened_gates, uniq_duvessa,
          uniq_joseph
D:8:      minmay_flawed_box, layout_basic, uniq_grum, uniq_maurice
D:9:      layout_loops_ring, mainiacjoe_overflow_big_doors,
          minmay_lair_entry_grove
D:10:     layout_loops_ring, kennysheep_potato
D:11:     layout_layer_cave, orc_0_dummy, minivault_7
D:12:     layout_roguey, uniq_frances, uniq_nessos, uniq_nergalle
D:13:     layout_cave_pools, special_room [special_room_orc], uniq_josephine
D:14:     layout_roguey, david_vaults_1, serial_shops, shop,
          minmay_misc_feat_tiny
D:15:     gammafunk_enter_depths_forms, layout_irregular_city, uniq_agnes
Temple:   kb_temple_of_zot
Lair:1:   layout_cellular_growth, chequers_serial_rivers_room_b, nzn_random_ring
Lair:2:   layout_regular_city, lemuel_fruit_tree
Lair:3:   gammafunk_lair_enchanted_lake, layout_misc_corridors,
          minmay_shoals_entry_hut, spider_nest_entry_webs, minivault_23,
          patterned_corridor, uniq_gastronok
Lair:4:   layout_roguey, minmay_slime_entry_oklob_enclosed, basic_altar,
          beast_lair_carwin_3
Lair:5:   cheibrodos_lair_end_hotspot, layout_gridlike, uniq_urug
Spider:1: lemuel_spider_zombies, drop_trap
Spider:2: nicolae_spider_mines_2
Spider:3: layout_spider_delve, hellmonk_motheaten_closet
Spider:4: spider_rune_water
Orc:1:    layout_caves, guppyfry_library_mini
Orc:2:    grunt_orc_community_town_hall, layout_caves,
          grunt_orc_community_big_house_1, grunt_orc_community_big_house_2,
          grunt_orc_community_house_1, grunt_orc_community_house_3,
          grunt_orc_community_house_3, grunt_orc_community_house_2,
          portal_ice_cave_entry_pillars_2

Skill      XL: |  1  2  3  4  5  6  7  8  9 10 11 12 13 14 15 16 17 |
---------------+----------------------------------------------------+-----
Ranged Weapons | 6 7 9 10 12 14 16 18 19 20 | 20.8
Invocations    | 3 5 6 8 9 |  9.5
Fighting       | 3 7 8 10 12 15 17 18 20 | 20.0
Dodging        | 3 7 9 11 14 16 18 19 20 | 20.4
Stealth        | |  1.3

Action                   |  1- 3 |  4- 6 |  7- 9 | 10-12 | 13-15 | 16-18 || total
-------------------------+-------+-------+-------+-------+-------+-------++-------
Melee: Unarmed           |       |       |    59 |       |       |       ||    59
       Arbalest          |       |       |       |       |       |     4 ||     4
 Fire: Shortbow          |    70 |   235 |   294 |   254 |       |       ||   853
       Arbalest          |       |       |       |   215 |   659 |   901 ||  1775
Throw: Throwing net      |       |       |     1 |     1 |       |       ||     2
Invok: Heroism           |       |       |     1 |     3 |     1 |     2 ||     7
       Finesse           |       |       |       |     2 |     1 |     2 ||     5
  Use: Scroll            |     4 |    12 |     3 |     7 |     7 |     3 ||    36
       Potion            |       |       |     3 |       |       |     5 ||     8
 Stab: Sleeping          |       |       |     1 |       |       |       ||     1
Armor: Leather armour    |    14 |    23 |    40 |    21 |       |       ||    98
       Skin              |       |       |    60 |       |       |       ||    60
       Troll leather arm |       |       |       |    19 |    42 |    94 ||   155
Dodge: Dodged            |    35 |   106 |   140 |   306 |   410 |  1625 ||  2622
Block: Other             |       |     9 |       |       |       |       ||     9

Table legend: (Time is in decaauts)
 A = Elapsed time spent in this place.
 B = Non-inter-level travel time spent in this place.
 C = Inter-level travel time spent in this place.
 D = Time resting spent in this place.
 E = Time spent auto-exploring this place.
 F = Levels seen in this place.
 G = Mean time per level.
                   A        B        C        D        E       F      G
               +--------+--------+--------+--------+--------+-----+--------+
         Total |  25838 |  23807 |   2031 |   1109 |  18317 |  28 |  922.8 |
       Dungeon |  15647 |  14427 |   1220 |    907 |  11181 |  15 | 1043.1 |
        Temple |    187 |    151 |     36 |      0 |    139 |   1 |  187.0 |
          Lair |   6247 |   5641 |    606 |    104 |   4518 |   5 | 1249.4 |
   Spider Nest |   2231 |   2135 |     96 |     68 |   1493 |   4 |  557.8 |
  Orcish Mines |   1478 |   1407 |     71 |     27 |    970 |   2 |  739.0 |
      Ice Cave |     47 |     47 |      0 |      3 |     15 |   1 |   47.0 |
               +--------+--------+--------+--------+--------+-----+--------+

Top non-repeatable levels by time:
    D:11: 1611 daAuts
     D:4: 1577 daAuts
  Lair:3: 1487 daAuts
  Lair:5: 1478 daAuts
  Lair:1: 1305 daAuts
     D:5: 1299 daAuts
     D:6: 1178 daAuts
     D:8: 1161 daAuts
     D:2: 1060 daAuts
  Lair:2: 1052 daAuts
    D:10: 998 daAuts
    D:15: 990 daAuts
     D:9: 943 daAuts
   Orc:2: 931 daAuts
Spider:3: 925 daAuts
